 Dungeon Sprint DCSS version 0.16-a0-3803-gd4b2de5 (console) character file.

42 Monkaria the Slasher (level 3, 37/37 HPs)
             Began as a Hill Orc Fighter on Jan 26, 2015.
             Was an Initiate of Makhleb.
             Quit the game in the Dungeon (Sprint IX: "|||||||||||||||||||||||||||||").
             The game lasted 00:00:33 (183 turns).

Monkaria the Slasher (Hill Orc Fighter)              Turns: 183, Time: 00:00:33

Health: 37/37      AC:  6    Str: 19    XL:     3   Next: 56%
Magic:  3/3        EV:  7    Int:  8    God:    Makhleb [......]
Gold:   0          SH:  9    Dex: 10    Spells: 0 memorised, 2 levels left

rFire  . . .     SeeInvis .     a - +0 long sword
rCold  . . .     Clarity  .     b - +0 scale mail
rNeg   . . .     SustAb   .     c - +0 shield
rPois  .         Gourm    .     (no helmet)
rElec  .         Spirit   .     (no cloak)
rCorr  .         Warding  .     (no gloves)
rMut   .         NoTele   +     (no boots)
MR     .....                    (no amulet)
Stlth  ..........               (no ring)
                                (no ring)

@: not resistant to hostile enchantments, extremely unstealthy
A: no striking features
a: Renounce Religion


You were in the Dungeon.
You worshipped Makhleb.
Makhleb was noncommittal.
You were not hungry.

You visited 1 branch

Inventory:

Hand weapons
 a - a +0 long sword (weapon)
Armour
 b - a +0 scale mail (worn)
 c - a +0 shield (worn)
Magical devices
 o - a wand of fire (7)
Scrolls
 k - 2 scrolls of blinking
 m - 3 scrolls of remove curse
 n - 2 scrolls of amnesia
Potions
 e - a potion of might
 f - 5 potions of curing
 g - 3 potions of heal wounds
 h - a potion of haste
 i - 4 potions of magic
 j - a potion of berserk rage
 l - a potion of invisibility
Comestibles
 d - a meat ration


   Skills:
 + Level 5.8 Fighting
 * Level 6.4 Long Blades
 - Level 3.2 Armour
 - Level 3.2 Shields


You had 2 spell levels left.
You didn't know any spells.

Dungeon Overview and Level Annotations

Branches:
Dungeon (1/1)

Altars:
Cheibriados
Dithmenos
Elyvilon
Fedhas
Gozag
Kikubaaqudgha
Makhleb
Nemelex Xobeh
Okawaru
Qazlal
Ru
Sif Muna
Trog
Vehumet
Xom
Yredelemnul
Zin
The Shining One
Beogh
Jiyva
Lugonu


Message History

There is a snail-covered altar of Cheibriados here.
There is a shadowy altar of Dithmenos here.
There is a stormy altar of Qazlal here.
There is an opulent altar of Gozag here.
There is a sacrificial altar of Ru here.
You open the door.
Found seven items.
Found a +3 ring of dexterity.
There is an open door here.
Found a +2 ring of evasion.
i - 4 potions of magic (gained 2);
l - a potion of invisibility
g - 3 potions of heal wounds (gained 2);
f - 5 potions of curing (gained 4)
m - 3 scrolls of remove curse;
n - 2 scrolls of amnesia
k - 2 scrolls of blinking (gained 1)
o - a wand of fire (7)
You see here an uncursed staff of energy.
Items here: ))))))
Okay, then.
Unknown command.
Are you sure you want to abandon this character and quit the game? (Confirm with "yes".) ▓▓▓▓▓▓▓▓▓▓▓▓▓▓▓▓▓▓▓▓▓▓▓ +==[[[@|..'____________ ▓▓▓▓▓▓▓▓▓▓▓▓▓▓▓▓▓▓▓▓▓▓▓

There were no monsters in sight!

Vanquished Creatures
  A hound (D)
  An ooze (D)
  2 orcs (D)
  A bat zombie (D)
  A hobgoblin (D)
  2 kobolds (D)
  2 rats (D)
10 creatures vanquished.

Notes
Turn   | Place    | Note
--------------------------------------------------------------
     0 | D        | Monkaria, the Hill Orc Fighter, began the quest for the Orb.
     0 | D        | Reached XP level 1. HP: 19/19 MP: 1/1
     9 | D        | Reached skill level 4 in Fighting
    35 | D        | Noticed a hound
    40 | D        | Reached XP level 2. HP: 25/28 MP: 2/2
    54 | D        | Killed a hound
    54 | D        | Reached skill level 5 in Fighting
    54 | D        | Reached skill level 6 in Long Blades
    54 | D        | Reached XP level 3. HP: 24/37 MP: 3/3
   150 | D        | Found a glowing silver altar of Zin.
   150 | D        | Found a glowing golden altar of the Shining One.
   150 | D        | Found an ancient bone altar of Kikubaaqudgha.
   150 | D        | Found a basalt altar of Yredelemnul.
   150 | D        | Found a shimmering altar of Xom.
   150 | D        | Found a radiant altar of Vehumet.
   150 | D        | Found an iron altar of Okawaru.
   151 | D        | Found a burning altar of Makhleb.
   152 | D        | Found a deep blue altar of Sif Muna.
   153 | D        | Found a bloodstained altar of Trog.
   154 | D        | Found a sparkling altar of Nemelex Xobeh.
   155 | D        | Found a white marble altar of Elyvilon.
   156 | D        | Found a roughly hewn altar of Beogh.
   157 | D        | Found a viscous altar of Jiyva.
   158 | D        | Found a corrupted altar of Lugonu.
   159 | D        | Found a blossoming altar of Fedhas.
   160 | D        | Became a worshipper of Makhleb the Destroyer
   161 | D        | Found a snail-covered altar of Cheibriados.
   162 | D        | Found a shadowy altar of Dithmenos.
   163 | D        | Found a stormy altar of Qazlal.
   164 | D        | Found an opulent altar of Gozag.
   165 | D        | Found a sacrificial altar of Ru.
   183 | D        | Quit the game

Action                   || total
-------------------------++-------
Melee: Long sword        ||    36
